 Dungeon Crawl Stone Soup version 0.18.1-48-g4cf74bf (webtiles) character file.

109 dearth the Skirmisher (level 4, 0/42 HPs)
             Began as a Hill Orc Fighter on Aug 5, 2016.
             Slain by a worker ant (6 damage)
             ... on level 3 of the Dungeon.
             The game lasted 00:04:15 (1876 turns).

dearth the Skirmisher (Hill Orc Fighter)            Turns: 1876, Time: 00:04:16

Health: 0/42       AC:  6    Str: 19    XL:     4   Next: 89%
Magic:  4/4        EV:  7    Int:  8    God:
Gold:   96         SH:  9    Dex: 10    Spells: 0 memorised, 3 levels left

rFire  . . .     SeeInvis .     a - +0 war axe
rCold  . . .     Gourm    .     b - +0 scale mail
rNeg   . . .     Faith    .     c - +0 shield
rPois  .         Spirit   .     (no helmet)
rElec  .         Dismiss  .     (no cloak)
rCorr  .         Reflect  .     (no gloves)
SustAt .         Harm     .     (no boots)
MR     .....                    (no amulet)
Stlth  ..........               (no ring)
                                (no ring)

@: lethally poisoned (0 -> -7), not resistant to hostile enchantments, extremely
unstealthy
A: no striking features
a: no special abilities


You were on level 3 of the Dungeon.
You were not hungry.

You visited 1 branch of the dungeon, and saw 3 of its levels.

You collected 96 gold pieces.

Inventory:

Hand Weapons
 a - a +0 war axe (weapon)
Armour
 b - a +0 scale mail (worn)
 c - a +0 shield (worn)
Scrolls
 e - a scroll of remove curse {unknown}
 h - 2 scrolls of teleportation {unknown}
 i - a scroll of identify {unknown}
 k - a scroll of fear {unknown}
 n - a scroll of blinking {unknown}
 q - a scroll of fog {unknown}
Potions
 d - a potion of might
 g - a potion of ambrosia {unknown}
 m - 2 potions of resistance {unknown}
 o - a potion of mutation {unknown}
 p - a potion of lignification {unknown}
 s - a potion of haste {unknown}
Comestibles
 f - 2 bread rations
 j - a royal jelly
 l - 2 beef jerkies
 r - a chunk of flesh


   Skills:
 * Level 5.5 Fighting
 * Level 4.5 Axes
 - Level 3.2 Armour
 - Level 3.2 Shields


You had 3 spell levels left.
You didn't know any spells.

Dungeon Overview and Level Annotations

Branches:
Dungeon (3/15)

Altars:
Fedhas
Ru
The Shining One


Message History

You feel sick. The worker ant bites you. x2
Your scale mail prevents you from hitting the worker ant.
The worker ant is almost dead.
You feel sick.
The worker ant bites you but does no damage.
The worker ant bites you.
* * * LOW HITPOINT WARNING * * *
You hit the worker ant but do no damage.
The worker ant is almost dead.
You feel sick. You block the worker ant's attack.
You barely miss the worker ant.
The worker ant is almost dead.
You feel sick. The worker ant bites you.
* * * LOW HITPOINT WARNING * * *
You block the worker ant's attack.
You barely miss the worker ant.
The worker ant is almost dead.
* * * LOW HITPOINT WARNING * * *
You feel sick. The worker ant bites you.
You die...

.....#.........
................
.................
..................
...................
...................
...........a.......
#..........@.......
#.................#
#..........#......#
#..(.......#.......
........####.......
..........)..##....
..........#### .)..
.....#...(# ...
.....#.##(#


You could see a worker ant.

Vanquished Creatures
  An orc wizard (D:2)
  An adder (D:3)
  2 oozes
  2 worms
  3 dart slugs
  2 giant geckos
  An orc (D:3)
  7 bats
  2 giant cockroaches (D:1)
  6 goblins
  5 hobgoblins
  A ball python (D:2)
  A giant newt (D:1)
  11 kobolds
  5 rats
50 creatures vanquished.

Notes
Turn   | Place    | Note
--------------------------------------------------------------
     0 | D:1      | dearth the Hill Orc Fighter began the quest for the Orb.
     0 | D:1      | Reached XP level 1. HP: 19/19 MP: 1/1
   228 | D:1      | Reached skill level 4 in Fighting
   236 | D:1      | Reached XP level 2. HP: 27/27 MP: 2/2
   514 | D:1      | Reached XP level 3. HP: 33/34 MP: 3/3
  1001 | D:2      | Found a glowing golden altar of the Shining One.
  1171 | D:2      | Found a sacrificial altar of Ru.
  1175 | D:2      | Reached skill level 5 in Fighting
  1175 | D:2      | Reached XP level 4. HP: 36/42 MP: 4/4
  1782 | D:3      | Found a blossoming altar of Fedhas.
  1876 | D:3      | Slain by a worker ant

Skill      XL: |  1  2  3 |
---------------+----------+-----
Fighting       | 4 5 |  5.5
Axes           | 3 4 |  4.5
Armour         | |  3.2
Shields        | |  3.2

Action                   |  1- 3 |  4- 6 || total
-------------------------+-------+-------++-------
Melee: War axe           |    95 |    57 ||   152
  Eat: Chunk             |     1 |     2 ||     3
Armor: Scale mail        |    42 |    19 ||    61
Dodge: Dodged            |    45 |    16 ||    61
Block: Shield            |    50 |    26 ||    76
